 Dungeon Crawl Stone Soup version 0.19.1 (console) character file.

10064 Jesseh the Cleaver (level 11, -5/105 HPs)
             Began as a Minotaur Fighter on Nov 28, 2016.
             Was a High Priest of Okawaru.
             Slain by an orc warrior
             ... wielding a +0 halberd
             ... led by Saint Roka
              (24 damage)
             ... on level 2 of the Orcish Mines.
             The game lasted 00:37:40 (8947 turns).

Jesseh the Cleaver (Minotaur Fighter)               Turns: 8947, Time: 00:37:40

Health: -5/105     AC: 14    Str: 32    XL:     11   Next: 31%
Magic:  8/10       EV: 13    Int:  7    God:    Okawaru [*****.]
Gold:   1262       SH:  0    Dex: 10    Spells: 0 memorised, 10 levels left

rFire  + . .     SeeInvis .     M - +2 battleaxe (freeze)
rCold  . . .     Gourm    .     J - +3 scale mail
rNeg   . . .     Faith    .     (shield currently unavailable)
rPois  .         Spirit   .     (helmet restricted)
rElec  .         Reflect  .     (no cloak)
rCorr  .         Harm     .     (no gloves)
MR     .....                    y - +0 pair of boots
Stlth  +.........               B - amulet of regeneration
                                Z - ring of protection from fire
                                u - +5 ring of strength

@: mighty, heroism
A: retaliatory headbutt, horns 2
a: Heroism, Finesse, Renounce Religion


You were on level 2 of the Orcish Mines.
You worshipped Okawaru.
Okawaru was extremely pleased with you.
You were not hungry.

You visited 2 branches of the dungeon, and saw 12 of its levels.

You collected 1262 gold pieces.

Inventory:

Hand Weapons
 M - a +2 battleaxe of freezing (weapon)
   (You acquired it on level 5 of the Dungeon)
 N - a +1 hand crossbow of freezing
   (You found it on level 10 of the Dungeon)
 P - a +1 dagger of draining
   (You took it off an orc on level 1 of the Orcish Mines)
 S - a +2 dagger of venom
   (You took it off an orc wizard on level 2 of the Orcish Mines)
 T - a +2 morningstar of protection
   (You took it off an orc warrior on level 2 of the Orcish Mines)
Missiles
 L - 2 needles of sleeping
Armour
 c - a +0 shield
 y - a +0 pair of boots (worn)
   (You found it on level 3 of the Dungeon)
 A - a +1 scale mail
   (You found it on level 3 of the Dungeon)
 J - a +3 scale mail (worn)
   (You found it on level 10 of the Dungeon)
Jewellery
 b - an uncursed amulet of guardian spirit
   (You found it on level 9 of the Dungeon)
 o - a +2 ring of protection
   (You found it on level 2 of the Dungeon)
 u - a +5 ring of strength (left hand)
   (You found it on level 2 of the Dungeon)
 v - an uncursed amulet of rage
   (You found it on level 4 of the Dungeon)
 B - an amulet of regeneration (around neck)
   (You found it on level 5 of the Dungeon)
 Q - a +4 ring of strength
   (You found it on level 6 of the Dungeon)
 Z - a ring of protection from fire (right hand)
   (You found it on level 9 of the Dungeon)
Wands
 a - a wand of heal wounds (1/9)
   (You found it on level 9 of the Dungeon)
 p - a wand of confusion (29/48)
   (You found it on level 2 of the Dungeon)
 z - a wand of disintegration (16/24)
   (You found it on level 3 of the Dungeon)
 R - a wand of paralysis (18/24)
   (You found it on level 7 of the Dungeon)
 Y - a wand of iceblast (7/15)
   (You found it on level 9 of the Dungeon)
Scrolls
 h - 7 scrolls of teleportation
 j - 2 scrolls of magic mapping
 k - a scroll of enchant armour
 l - 4 scrolls of fear
 n - 2 scrolls of amnesia
 s - a scroll of blinking
 O - a scroll of remove curse
Potions
 d - a potion of might
 g - 8 potions of flight {unknown}
 i - a potion of cancellation
 m - 2 potions of cure mutation
 q - a potion of brilliance
 r - a potion of degeneration
 t - a potion of magic
 x - 3 potions of lignification
 E - a potion of curing
 H - 2 potions of resistance
 K - a potion of agility
Miscellaneous
 w - a fan of gales
   (You found it on level 9 of the Dungeon)
Comestibles
 f - 4 bread rations
 C - a royal jelly
 F - a slice of pizza
 G - 5 meat rations
 I - 24 chunks of flesh
 V - a beef jerky


   Skills:
 + Level 12.5(17.5) Fighting
 + Level 14.4(19.4) Axes
 + Level 9.8(14.8) Armour
 - Level 3.6(8.6) Shields


You had 10 spell levels left.
You didn't know any spells.

Dungeon Overview and Level Annotations

Branches:
Dungeon (10/15)            Temple (0/1) D:5            Lair (0/6) D:8
    Orc (2/2) D:9             Elf (0/3) Orc:2

Altars:
Ashenzari
Dithmenos
Makhleb
Nemelex Xobeh
Okawaru
Qazlal
Sif Muna
Yredelemnul
The Shining One

Annotations:
Orc:2 Saint Roka


Innate Abilities, Weirdness & Mutations

You reflexively headbutt those who attack you in melee.
You have a pair of horns on your head.


Message History

The orc high priest hits you but does no damage.
The sun demon hits you!
* * * LOW HITPOINT WARNING * * *
You are engulfed in flames.
You resist.
* * * LOW HITPOINT WARNING * * *
The orc high priest barely misses you. You furiously retaliate!
You headbutt the orc high priest! The sun demon barely misses you.
Things that are here:
a long sword; a plate armour You hit the orc high priest but do no damage.
You closely miss the sun demon. You slice the orc high priest!!
You freeze the orc high priest!
You kill the orc high priest!
Okawaru is honoured by your kill.
The sun demon disappears in a puff of smoke!
Things that are here:
a trident; an orc corpse You butcher the orc corpse.
You feel like a meek peon again.
I - 16 chunks of flesh (gained 1)
You see here a trident.
Things that are here:
a ring mail; a dagger; a scale mail
Things that are here:
a long sword; a plate armour You now have 1262 gold pieces (gained 16).
T - a morningstar of protection
Items here: ) [ †† a whip; a plate armour; an orc corpse x2
You butcher the orc corpse.
I - 20 chunks of flesh (gained 4)
Things that are here:
a whip; a plate armour; an orc corpse You butcher the orc corpse.
I - 24 chunks of flesh (gained 4)
Things that are here:
a whip; a plate armour
As you read the scroll of identify, it crumbles to dust.
t - a potion of magic
As you read the scroll of identify, it crumbles to dust.
a - a wand of heal wounds (1/9)
As you read the scroll of identify, it crumbles to dust.
r - a potion of degeneration
As you read the scroll of identify, it crumbles to dust.
x - 3 potions of lignification You start resting.
You feel very mighty all of a sudden.
Saint Roka shouts!
Saint Roka roars a battlecry!
You can't see that place. [the floor.]
An orc comes into view. It is wielding a dagger.
The orc shouts!
An orc warrior comes into view. It is wielding a trident.
The orc warrior shouts!
Saint Roka roars a battlecry!
The orc goes into a battle-frenzy!
The orc warrior shouts!
Saint Roka closely misses you.
You gain the combat prowess of a mighty hero.
Saint Roka hits you with a great sword!!
You closely miss Saint Roka. You headbutt Saint Roka! You barely miss the orc.
The orc barely misses you.
You slice Saint Roka!! You freeze Saint Roka! Your headbutt misses Saint Roka.
You closely miss the orc.
The orc warrior hits you from afar with a trident!
Saint Roka invokes the aid of Beogh against you.
Beogh smites you! The orc barely misses you.
You hit Saint Roka but do no damage. You closely miss the orc.
You slash the orc! You freeze the orc.
You kill the orc!
Okawaru accepts your kill.
The orc warrior hits you from afar with a trident!
* * * LOW HITPOINT WARNING * * *
Saint Roka hits you with a great sword!!
* * * LOW HITPOINT WARNING * * *
You feel much better. The orc closely misses you.
The orc warrior barely misses you.
You slice Saint Roka!! You freeze Saint Roka. You barely miss the orc.
The orc hits you but does no damage.
Saint Roka calls down the wrath of Beogh upon you.
Beogh smites you!
* * * LOW HITPOINT WARNING * * *
The orc warrior misses you.
You feel much better. The orc warrior completely misses you.
The orc hits you with a dagger.
Saint Roka calls down the wrath of Beogh upon you.
Beogh smites you!
* * * LOW HITPOINT WARNING * * *
The orc warrior hits you from afar with a halberd!
* * * LOW HITPOINT WARNING * * *
You slice Saint Roka!! You freeze Saint Roka. Your headbutt misses Saint Roka.
You slice the orc!! You freeze the orc.
You kill the orc!
Okawaru accepts your kill. The orc warrior barely misses you.
Saint Roka hits you with a great sword!
* * * LOW HITPOINT WARNING * * *
You slice Saint Roka!! You freeze Saint Roka. You headbutt Saint Roka!!
The orc warrior hits you from afar with a halberd!!
You die...

............▒
...........▒
.......)..▒
.......[))▒▒▒
▒...........▒▒
€............▒ ▒.
▒............▒ ▒▒.▒
▒▒.....)......▒ ▒...
▒......)H.....▒
▒..▒▒..▒...o......▒ .
▒<.....▒..oo.....▒▒ ..
▒▒▒................▒
..▒▒.................▒▒
......................▒
..............▒.....<▒▒
.............▒........▒
.......▒>.............▒


You could see Saint Roka and 2 orc warriors.

Vanquished Creatures
  An orc high priest (Orc:2)
  An unseen horror (D:10)
  The ghost of Sanvar the Insei, a novice OpTm (D:6)
  An orc sorcerer (Orc:2)
  2 trolls
  Prince Ribbit (D:8)
  A hippogriff (D:8)
  Sigmund (D:5)
  Eustachio (D:5)
  The ghost of stonage the Covered, an amateur DsFi (D:3)
  7 wargs
  The ghost of Ponchio the Magician, an amateur DEFE (D:4)
  3 sky beasts
  A necrophage (D:5)
  13 orc warriors
  3 ice beasts
  8 ogres
  5 centaurs
  A crocodile (D:10)
  The ghost of Vesto the Magician, an amateur DEFE (D:5)
  2 big kobolds
  4 bullfrogs
  A water moccasin zombie (D:10)
  2 water moccasin skeletons
  5 scorpions
  2 howler monkeys
  9 crimson imps
  A quasit (D:7)
  A hound (D:8)
  2 jellies
  12 orc priests
  3 bullfrog skeletons
  20 orc wizards
  Ijyb (D:2)
  5 worker ants
  2 iguanas
  A hound skeleton (D:6)
  A howler monkey zombie (D:7)
  8 gnolls
  A howler monkey skeleton (D:10)
  8 adders
  A white imp (D:9)
  2 oozes (D:3)
  3 adder skeletons
  An adder zombie (D:4)
  4 worms
  2 dart slugs
  8 leopard geckos
  69 orcs
  4 giant cockroaches
  5 goblins
  9 hobgoblins
  21 kobolds
  3 quokkas
  2 ball pythons
  4 bats
  3 frilled lizards
  2 jackal skeletons
  A jackal zombie (D:6)
  2 quokka zombies
  4 rats
295 creatures vanquished.

Vanquished Creatures (others)
  An orc (Orc:2)
1 creature vanquished.

Grand Total: 296 creatures vanquished

Notes
Turn   | Place    | Note
-------+----------+-------------------------------------------
     0 | D:1      | Jesseh the Minotaur Fighter began the quest for the Orb.
     0 | D:1      | Reached XP level 1. HP: 19/19 MP: 0/0
    66 | D:1      | Reached skill level 4 in Fighting
   100 | D:1      | Reached XP level 2. HP: 24/27 MP: 1/1
   135 | D:1      | Reached skill level 3 in Axes
   785 | D:2      | Reached XP level 3. HP: 26/34 MP: 2/2
  1016 | D:2      | Noticed Ijyb
  1023 | D:2      | Killed Ijyb
  1023 | D:2      | Reached skill level 4 in Axes
  1052 | D:2      | Found a stormy altar of Qazlal.
  1056 | D:2      | Reached XP level 4. HP: 39/41 MP: 3/3
  1553 | D:2      | Reached skill level 5 in Fighting
  1563 | D:2      | Reached skill level 5 in Axes
  1903 | D:3      | Reached XP level 5. HP: 46/48 MP: 4/4
  2192 | D:3      | Noticed stonage's ghost (amateur DsFi)
  2201 | D:3      | Killed stonage's ghost
  2201 | D:3      | Reached skill level 6 in Axes
  2201 | D:3      | Reached XP level 6. HP: 32/57 MP: 5/5
  2724 | D:4      | Found an iron altar of Okawaru.
  2730 | D:4      | Reached skill level 6 in Fighting
  2775 | D:4      | Became a worshipper of Warmaster Okawaru
  2835 | D:4      | Reached skill level 7 in Axes
  2938 | D:4      | Found a shadowy altar of Dithmenos.
  2968 | D:4      | Noticed Ponchio's ghost (amateur DEFE)
  2975 | D:4      | Killed Ponchio's ghost
  2975 | D:4      | Reached XP level 7. HP: 32/64 MP: 6/6
  3046 | D:4      | Reached skill level 8 in Axes
  3482 | D:5      | Entered Level 5 of the Dungeon
  3503 | D:4      | Reached skill level 7 in Fighting
  3628 | D:5      | Reached * piety under Okawaru
  3687 | D:5      | Noticed Vesto's ghost (amateur DEFE)
  3704 | D:5      | Killed Vesto's ghost
  3840 | D:5      | Reached XP level 8. HP: 74/74 MP: 7/7
  3899 | D:5      | Reached skill level 8 in Fighting
  3899 | D:5      | Reached skill level 9 in Axes
  3973 | D:5      | Found a staircase to the Ecumenical Temple.
  4035 | D:5      | Noticed Sigmund
  4043 | D:5      | Killed Sigmund
  4043 | D:5      | Reached ** piety under Okawaru
  4043 | D:5      | Reached skill level 9 in Fighting
  4331 | D:5      | Reached skill level 10 in Axes
  4411 | D:5      | Noticed Eustachio
  4451 | D:5      | Killed Eustachio
  4504 | D:5      | Identified 2 scrolls of acquirement
  4675 | D:6      | Reached skill level 10 in Fighting
  4675 | D:6      | Reached XP level 9. HP: 85/85 MP: 8/8
  4839 | D:6      | Found a shattered altar of Ashenzari.
  4842 | D:6      | Found a glowing golden altar of the Shining One.
  4850 | D:6      | Found a basalt altar of Yredelemnul.
  4905 | D:6      | Reached skill level 11 in Axes
  4917 | D:6      | Noticed Sanvar's ghost (novice OpTm)
  4939 | D:6      | Killed Sanvar's ghost
  4939 | D:6      | Reached *** piety under Okawaru
  4995 | D:6      | Found a sparkling altar of Nemelex Xobeh.
  5000 | D:6      | Reached skill level 11 in Fighting
  5098 | D:6      | Found a deep blue altar of Sif Muna.
  5340 | D:7      | Reached skill level 12 in Axes
  5556 | D:7      | Reached skill level 4 in Armour
  5660 | D:7      | Found a burning altar of Makhleb.
  5914 | D:8      | Noticed Prince Ribbit
  5920 | D:8      | Killed Prince Ribbit
  5920 | D:8      | Reached skill level 5 in Armour
  5953 | D:8      | Found a staircase to the Lair.
  5955 | D:8      | Reached XP level 10. HP: 84/96 MP: 9/9
  5985 | D:8      | Reached **** piety under Okawaru
  6000 | D:8      | Reached skill level 6 in Armour
  6301 | D:8      | Reached skill level 13 in Axes
  6301 | D:8      | Reached skill level 7 in Armour
  6757 | D:9      | Reached skill level 8 in Armour
  7119 | D:9      | Found a staircase to the Orcish Mines.
  7318 | D:10     | Entered Level 10 of the Dungeon
  7668 | D:10     | Killed an unseen horror
  7668 | D:10     | Reached ***** piety under Okawaru
  7668 | D:10     | Received a gift from Okawaru
  7668 | D:10     | Reached skill level 9 in Armour
  7989 | Orc:1    | Entered Level 1 of the Orcish Mines
  8139 | Orc:1    | Reached skill level 12 in Fighting
  8141 | Orc:1    | Reached XP level 11. HP: 78/104 MP: 7/10
  8485 | Orc:2    | Entered Level 2 of the Orcish Mines
  8485 | Orc:2    | Noticed an orc sorcerer
  8509 | Orc:2    | Killed an orc sorcerer
  8509 | Orc:2    | Reached skill level 14 in Axes
  8633 | Orc:2    | Noticed Saint Roka
  8668 | Orc:2    | Found a staircase to the Elven Halls.
  8836 | Orc:2    | Noticed an orc high priest
  8838 | Orc:2    | Noticed a sun demon
  8847 | Orc:2    | Killed an orc high priest
  8942 | Orc:2    | HP: 16/105 [Saint Roka/great sword (26)]
  8947 | Orc:2    | Slain by an orc warrior

Skill      XL: |  1  2  3  4  5  6  7  8  9 10 11 |
---------------+----------------------------------+-----
Fighting       | 4 5 6 7 10 11 12 | 12.5
Axes           | 3 4 5 6 7 8 10 12 13 14 | 14.4
Armour         | 5 9 |  9.8
Shields        | |  3.6

Action                   |  1- 3 |  4- 6 |  7- 9 | 10-12 || total
-------------------------+-------+-------+-------+-------++-------
Melee: War axe           |    70 |   141 |   177 |       ||   388
       Headbutt          |     7 |    24 |    43 |    32 ||   106
       Battleaxe         |       |       |   115 |   211 ||   326
Invok: Heroism           |       |       |       |     7 ||     7
  Use: Scroll            |       |       |    16 |    10 ||    26
       Potion            |       |       |       |     3 ||     3
  Eat: Chunk             |       |     7 |     4 |     9 ||    20
       Pizza             |       |       |     1 |       ||     1
       Bread ration      |       |       |     1 |       ||     1
Armor: Scale mail        |    34 |    40 |   127 |    99 ||   300
Dodge: Dodged            |    15 |    35 |    90 |   102 ||   242
Block: Shield            |    51 |    78 |    86 |       ||   215

Vault maps used:
D:1:      minmay_arrival_glassed_features, minmay_tree_intersection
D:2:      old_standard_altar, first_bread, uniq_iyjb
D:4:      lemuel_crystal_altar, corner_web_ring, grunt_ministairs_11,
          grunt_dithmenos_smoke
D:5:      cheibrodos_quashed, grunt_ministairs_6, uniq_sigmund, uniq_eustachio
D:6:      minitemple, kennysheep_mini, nemelex_xobeh_ov_fountains_minmay
D:7:      lightli_temple_of_fire
D:8:      erik_lair_orcish_takeover, uniq_prince_ribbit1
D:9:      david_orc_4, minmay_misc_feat_doors, minmay_fire_ice_demons
Orc:2:    st_orc_ogre_mass, basic_altar, uniq_saint_roka

Table legend:
 A = Turns spent in this place as a percentage of turns spent in the entire game.
 B = Non-inter-level travel turns spent in this place as a percentage of non-inter-level travel turns spent in the entire game.
 C = Inter-level travel turns spent in this place as a percentage of turns spent in this place.
 D = Turns resting spent in this place as a percentage of non-inter-level travel turns spent in this place.
 E = Turns spent auto-exploring this place as a percentage of non-inter-level travel turns spent in this place.
 F = Non-inter-level travel turns spent in this place divided by the number of levels of this place that you've seen.
                   A       B       C       D       E      F
               +-------+-------+-------+-------+-------+----------------------
         Total | 100.0 | 100.0 |   0.5 |   1.7 |  10.7 | 190.4
       Dungeon |  87.9 |  87.9 |   0.5 |   1.3 |  11.6 | 200.8
  Orcish Mines |  12.1 |  12.1 |   0.4 |   4.0 |   4.0 | 138.5
               +-------+-------+-------+-------+-------+----------------------

Table legend:
 A = Kills in this place as a percentage of kills in entire the game.
 B = Kills by you in this place as a percentage of kills by you in the entire game.
 C = Kills by friends in this place as a percentage of kills by friends in the entire game.
 D = Other kills in this place as a percentage of other kills in the entire game.
 E = Experience gained in this place as a percentage of experience gained in the entire game.
 F = Experience gained in this place divided by the number of levels of this place that you have seen.
                   A       B       C       D       E      F
               +-------+-------+-------+-------+-------+----------------------
         Total | 100.0 | 100.0 |  -nan |  -nan | 100.0 | 1198.2
       Dungeon |  84.4 |  84.4 |  -nan |  -nan |  72.2 | 1037.9
  Orcish Mines |  15.6 |  15.6 |  -nan |  -nan |  27.8 | 1999.5
               +-------+-------+-------+-------+-------+----------------------
